 Dungeon Crawl Stone Soup version 0.25.0-11-g1f837a76a1 (webtiles) character file.

Game seed: 1113794721669029032

118 Descartes the Scratcher (level 4, -5/19 HPs)
             Began as a Felid Transmuter on June 27, 2020.
             Slain by an orc
             ... wielding a +0 falchion
              (7 damage)
             ... on level 3 of the Dungeon.
             The game lasted 00:05:55 (3633 turns).

Descartes the Scratcher (Felid Transmuter)          Turns: 3633, Time: 00:05:55

Health: -5/19      AC:  1    Str:  7    XL:     4   Next: 72%
Magic:  17/17      EV: 18    Int: 14    God:
Gold:   170        SH:  0    Dex: 16    Spells: 4/7 levels left
                                        Lives:  0   Deaths: 1

rFire    . . .     SeeInvis +     - Unarmed
rCold    + . .     Gourm    .   (shield unavailable)
rNeg     . . .     Faith    .   (armour unavailable)
rPois    .         Spirit   .   (helmet unavailable)
rElec    .         Reflect  .   (cloak unavailable)
rCorr    .         Harm     .   (gloves unavailable)
MR       .....                  (boots unavailable)
Stlth    +++.......             s - amulet of inaccuracy
HPRegen  0.06/turn              d - ring of magical power
MPRegen  0.15/turn              t - ring of protection from cold

@: quick
A: very small, no armour, no weapons or thrown items, stealth, claws 1, fangs 3,
see invisible, carnivore, speed 1, shaggy fur 1, slow metabolism 1, sharp paws
a: no special abilities


You were on level 3 of the Dungeon.
You were completely stuffed.

You visited 1 branch of the dungeon, and saw 3 of its levels.

You collected 170 gold pieces.

Inventory:

Missiles
 a - 12 arrows
 j - 116 stones
Jewellery
 d - a ring of magical power (left paw)
 s - an amulet of inaccuracy (around neck)
 t - a ring of protection from cold (right paw)
Scrolls
 e - a scroll of fog
 f - a scroll of remove curse
 h - a scroll of identify
 l - a scroll of blinking
 m - a scroll of enchant armour
 n - 2 scrolls of amnesia
 q - a scroll of noise
Potions
 b - a potion of heal wounds
 o - a potion of invisibility
 p - a potion of curing
 r - a potion of magic
Comestibles
 c - 8 rations
 g - a chunk of flesh


   Skills:
 - Level 1.0 Fighting
 - Level 2.6 Dodging
 + Level 4.0 Stealth
 * Level 5.2 Unarmed Combat
 - Level 2.0 Spellcasting
 - Level 2.1 Transmutations


You had 4 spell levels left.
You knew the following spells:

 Your Spells              Type           Power        Failure   Level  Hunger
a - Beastly Appendage     Tmut           #.....       10%         1    ##.....
b - Sticks to Snakes      Tmut           #.......     14%         2    ###....

Your spell library contained the following spells:

 Spells                   Type           Power        Failure   Level  Hunger
 Spider Form              Tmut/Pois      #.........   41%         3    ####...
 Ice Form                 Ice/Tmut       #.......     83%         4    #####..
 Blade Hands              Tmut           #.........   95%         5    ######.


Dungeon Overview and Level Annotations

Branches:
Dungeon (3/15)

Altars:
Trog


Innate Abilities, Weirdness & Mutations

You cannot wear armour.
You are incapable of wielding weapons or throwing items.
Your paws allow you to move quietly. (Stealth)
You have sharp claws.
You have razor-sharp teeth.
You have supernaturally acute eyesight. (SInv)
You are carnivorous and can eat meat at any time.
You cover ground quickly.
You are covered in fur. (AC +1)
You have a slow metabolism.
Your sharp claws are effective at attacking unaware monsters.


Message History

You kill the orc!
Your Stealth skill increases to level 4!
You closely miss the orc. You claw the orc. Your bite misses the orc.
The orc is moderately wounded.
The orc misses you.
You scratch the orc but do no damage.
The orc is moderately wounded.
The orc closely misses you.
You barely miss the orc. You headbutt the orc, but do no damage.
The orc is moderately wounded.
Your horns disappear.
The orc hits you with a +0 falchion!
* * * LOW HITPOINT WARNING * * *
You scratch the orc. Your bite misses the orc.
The orc is heavily wounded.
The orc closely misses you.
You closely miss the orc. Your bite misses the orc.
The orc is heavily wounded.
The orc hits you with a +0 falchion!
You die...

#####.# *,,,,**8,,,8,
#.....# *,,,,****8***
#.###.#***,**** *****
#.# #.#*,,,,,* *,, #.#
#.#*,***,*******,* #)#
#.#*,,,*,,,,,,,,,, #.#
#..,,*.#.*******,,
#.######.....*****##,,
#....@o......,,,,,,..,
#############*,*#####.
*,,,,,,,,.[...§
*,*****,*#####§ *,*
*,,,..... *,*
****##### *,* *,*
***** *,* *,,,**


You could see an orc.

Vanquished Creatures
  A hound (D:3)
  2 orc priests (D:3)
  An adder (D:3)
  An ooze (D:3)
  A dart slug (D:1)
  3 leopard geckos
  6 orcs (D:3)
  4 giant cockroaches (D:1)
  5 goblins (D:2)
  8 hobgoblins
  2 jackals (D:3)
  A quokka (D:2)
  2 ball pythons
  5 bats
  11 frilled lizards
  7 kobolds
  4 rats
64 creatures vanquished.

Notes
Turn   | Place    | Note
-------+----------+-------------------------------------------
     0 | D:1      | Descartes the Felid Transmuter began the quest for the Orb.
     0 | D:1      | Reached XP level 1. HP: 9/9 MP: 4/4
   229 | D:1      | Reached skill level 1 in Stealth
   318 | D:1      | Reached XP level 2. HP: 11/12 MP: 6/6
  1387 | D:2      | Learned a level 2 spell: Sticks to Snakes
  1389 | D:2      | Reached XP level 3. HP: 15/15 MP: 5/7
  1592 | D:2      | Reached skill level 4 in Unarmed Combat
  2989 | D:3      | Reached XP level 4. HP: 19/19 MP: 6/8
  3086 | D:3      | Slain by a hound
  3087 | D:3      | Reached XP level 3. HP: -1/15 MP: 7/7
  3300 | D:3      | Found a bloodstained altar of Trog.
  3358 | D:3      | Reached skill level 5 in Unarmed Combat
  3358 | D:3      | Reached XP level 4. HP: 19/19 MP: 8/8
  3633 | D:3      | Slain by an orc

Illustrated notes

Levels and vault maps discovered:
D:1:      minmay_arrival_widening_spiral_wide, layout_rooms, fountainhead,
          minivault_25, kennysheep_small_spiral, minmay_misc_feat_five,
          hangedman_decor_points
D:2:      cheibrodos_greedy_goblins, layout_basic, first_ration,
          minmay_lizard_pond
D:3:      layout_loops_ring, nicolae_overflow_hidden_temple, trog_wizard

Skill      XL: |  1  2  3  4 |
---------------+-------------+-----
Stealth        | 1 2 3 4 |  4.0
Unarmed Combat | 5 |  5.2
Fighting       | |  1.0
Dodging        | |  2.6
Spellcasting   | |  2.0
Transmutations | |  2.1

Action                   |  1- 3 |  4- 6 || total
-------------------------+-------+-------++-------
Melee: Unarmed           |   142 |    39 ||   181
       Bite              |     9 |     2 ||    11
       Headbutt          |     8 |     6 ||    14
       Punch             |     3 |     2 ||     5
 Cast: Beastly Appendage |    16 |     5 ||    21
  Use: Scroll            |    14 |       ||    14
 Stab: Sleeping          |     9 |     1 ||    10
  Eat: Chunk             |    15 |     4 ||    19
Armor: Skin              |     8 |     1 ||     9
Dodge: Dodged            |   107 |    24 ||   131
